[Event "Titled Tuesday Blitz November 15 Late 2022"]
[White "Sailer, Mike"]
[Black "Al-Tarboush, Ward"]
[WhiteFideId "2012901"]
[BlackFideId "7601450"]
[WhiteElo "2109"]
[BlackElo "2273"]
[Result "0-1"]
[Round "01"]
[TimeControl "180+1"]
[Date "2022.11.16"]
[WhiteClock "0:00:11"]
[BlackClock "0:01:39"]

1. Nf3 Nf6 2. c4 g6 3. g3 Bg7 4. Bg2 O-O 5. O-O c6 6. Nc3 d5 7. cxd5 cxd5 8. d4 Nc6 9. Bf4 Bf5 10. Qb3 Na5 11. Qa4 Bd7 12. Qb4 Rc8 13. Ne5 Nc6 14. Nxc6 Bxc6 15. Rac1 a5 16. Qb3 Qd7 17. Be5 Rfd8 18. Rfd1 b5 19. a3 h5 20. Qa2 b4 21. axb4 axb4 22. Nb1 Ra8 23. Qb3 Ba4 24. Qxb4 Bxd1 25. Rxd1 Ra1 26. Qb3 Qf5 27. Nc3 Rxd1+ 28. Qxd1 Ne4 29. Bxg7 Kxg7 30. Bxe4 dxe4 31. e3 h4 32. g4 Qf3 33. Qxf3 exf3 34. Kf1 Rb8 35. Nd1 Ra8 36. Ke1 h3 37. Kd2 Rh8 38. e4 Kf6 39. Ke3 Rb8 40. Kxf3 Rb3+ 41. Ke2 Kg5 42. f3 Kf4 43. Nc3 Rxb2+ 44. Kd3 Kxf3 45. e5 Rxh2 0-1


[Site "https://www.chess.com"]

[Event "Titled Tuesday Blitz November 15 Late 2022"]
[White "Salman, Pavel"]
[Black "Shimanov, Aleksandr"]
[WhiteFideId "24153753"]
[BlackFideId "4198603"]
[WhiteElo "2187"]
[BlackElo "2605"]
[Result "0-1"]
[Round "01"]
[TimeControl "180+1"]
[Date "2022.11.15"]
[WhiteClock "0:00:03"]
[BlackClock "0:00:35"]

1. Nf3 Nf6 2. g3 g6 3. Bg2 Bg7 4. O-O O-O 5. d3 d6 6. Nbd2 c5 7. e4 Nc6 8. Re1 e5 9. a4 Rb8 10. Nc4 h6 11. Bd2 b6 12. Qc1 Kh7 13. c3 Be6 14. b3 a6 15. Qc2 b5 16. axb5 axb5 17. Ne3 b4 18. c4 Nd7 19. Ra6 Qc8 20. Rea1 Rb6 21. Rxb6 Nxb6 22. Nd5 Qb7 23. h4 Bg4 24. Be3 Ra8 25. Rxa8 Nxa8 26. Qd2 Qa6 27. Kh2 Nb6 28. Bxh6 Bxh6 29. Nf6+ Kg7 30. Ne8+ Kf8 31. Qxh6+ Kxe8 32. Ng5 Nd8 33. Nh7 Nd7 34. Qg7 Qa2 35. Kg1 Qb1+ 36. Kh2 Qc2 37. Kg1 Qd1+ 38. Kh2 Qe2 39. Kg1 Qe1+ 40. Kh2 Qxf2 41. Ng5 Qf6 42. Qg8+ Ke7 43. Qh7 Ne6 44. Nxe6 Bxe6 45. Qh6 Nb8 46. Qc1 Nc6 47. Qa1 Nd4 48. Qa7+ Kf8 49. Qb8+ Kg7 50. Qxd6 Nxb3 51. Qb8 Nd4 52. Qb6 Qf2 53. Kh1 Ne2 0-1


[Site "https://www.chess.com"]

[Event "Titled Tuesday Blitz November 15 Late 2022"]
[White "Sanal, Vahap"]
[Black "Dzierzak, Radoslaw"]
[WhiteFideId "6300545"]
[BlackFideId "1161407"]
[WhiteElo "2574"]
[BlackElo "2111"]
[Result "1-0"]
[Round "01"]
[TimeControl "180+1"]
[Date "2022.11.15"]
[WhiteClock "0:02:10"]
[BlackClock "0:00:35"]

1. Nf3 Nf6 2. g3 d5 3. Bg2 e6 4. O-O c5 5. c4 d4 6. e3 Nc6 7. exd4 cxd4 8. Re1 Be7 9. d3 O-O 10. Ne5 Nxe5 11. Rxe5 Nd7 12. Re1 a5 13. Na3 Nc5 14. Nb5 Qb6 15. Bf4 Bd7 16. Bc7 Qa6 17. Nxd4 Rac8 18. Bf4 f6 19. Nb3 e5 20. Be3 Rfd8 21. Nxc5 Bxc5 22. Bxc5 Rxc5 23. Qe2 Bc6 24. Rad1 Bxg2 25. Kxg2 Qc6+ 26. Qf3 Rd4 27. b3 Kf7 28. Re4 f5 29. Qxf5+ Kg8 30. Qf3 b5 31. Rxd4 Qxf3+ 32. Kxf3 exd4 33. Ke4 a4 34. Kxd4 Rf5 35. cxb5 axb3 36. a4 b2 37. Kc3 Rxf2 38. Rb1 Rxh2 39. b6 Rh6 40. Rxb2 Rc6+ 41. Kd2 Rc8 42. b7 Rb8 43. a5 Kf7 44. a6 1-0


[Site "https://www.chess.com"]

[Event "Titled Tuesday Blitz November 15 Late 2022"]
[White "Sarana, Alexey"]
[Black "Do Nascimento,Christian Almeida"]
[WhiteFideId "24133795"]
[BlackFideId "2143801"]
[WhiteElo "2708"]
[BlackElo "2079"]
[Result "1-0"]
[Round "01"]
[TimeControl "180+1"]
[Date "2022.11.15"]
[WhiteClock "0:00:53"]
[BlackClock "0:00:11"]

1. c4 e5 2. Nc3 Nc6 3. Nf3 Nf6 4. g3 d5 5. cxd5 Nxd5 6. Bg2 Be6 7. O-O Be7 8. d4 Nxc3 9. bxc3 exd4 10. cxd4 O-O 11. e4 Bg4 12. Be3 Qc8 13. Qa4 Bh3 14. d5 Bxg2 15. Kxg2 Nb8 16. Rac1 Nd7 17. Rfd1 Bd6 18. Bd4 Qe8 19. Re1 f6 20. Nh4 Ne5 21. Qb3 Kh8 22. f4 Ng4 23. Nf5 Qh5 24. h3 Nh6 25. Nxd6 cxd6 26. Qxb7 Rab8 27. Qd7 Rfd8 28. Qe6 Qg6 29. f5 Qh5 30. Rc7 Re8 31. Qd7 Rg8 32. Bxf6 Nxf5 33. Qxf5 Qxf5 34. exf5 gxf6 35. Ree7 1-0


[Site "https://www.chess.com"]

[Event "Titled Tuesday Blitz November 15 Late 2022"]
[White "Sariego Figueredo, Wilfredo"]
[Black "Makridis, Dimitrios"]
[WhiteFideId "3500080"]
[BlackFideId "25864475"]
[WhiteElo "2309"]
[BlackElo "2272"]
[Result "0-1"]
[Round "01"]
[TimeControl "180+1"]
[Date "2022.11.16"]
[WhiteClock "0:00:03"]
[BlackClock "0:00:35"]

1. d4 Nf6 2. Bf4 c5 3. d5 e6 4. dxe6 fxe6 5. e3 Nc6 6. c4 d5 7. cxd5 exd5 8. Nc3 Be7 9. Nf3 O-O 10. Be2 h6 11. h3 Be6 12. O-O a6 13. Ne5 Nxe5 14. Bxe5 Qd7 15. Bf3 Rad8 16. Qe2 Bf7 17. Rfd1 Qe6 18. Bxf6 Bxf6 19. Nxd5 Be5 20. Nc3 b5 21. Ne4 Rxd1+ 22. Qxd1 Bxb2 23. Rb1 Ba3 24. Rb3 Bb4 25. Rd3 Qxa2 26. Rd8 c4 27. Rxf8+ Bxf8 28. Qd8 Qa1+ 29. Kh2 Qe5+ 30. Kg1 c3 31. Nxc3 Qxc3 32. Qb8 b4 33. Qb7 b3 34. g3 b2 35. Bd5 Bxd5 36. Qxd5+ Kh8 37. Qb7 Qc1+ 38. Kg2 b1=Q 39. Qf7 Qh1# 0-1


[Site "https://www.chess.com"]

[Event "Titled Tuesday Blitz November 15 Late 2022"]
[White "Sarkar, Justin"]
[Black "Fernandez Guillen, Ernesto J."]
[WhiteFideId "2010011"]
[BlackFideId "3512428"]
[WhiteElo "2239"]
[BlackElo "2450"]
[Result "0-1"]
[Round "01"]
[TimeControl "180+1"]
[Date "2022.11.16"]
[WhiteClock "0:00:02"]
[BlackClock "0:00:31"]

1. d4 Nf6 2. c4 g6 3. Nc3 d5 4. Qb3 dxc4 5. Qxc4 Bg7 6. e4 O-O 7. Be2 a6 8. Nf3 Nbd7 9. e5 Nb6 10. exf6 Nxc4 11. fxg7 Kxg7 12. Bxc4 b5 13. Be2 Bb7 14. Be3 h6 15. O-O Qd6 16. Rac1 Rfd8 17. Rfd1 Rac8 18. Nb1 Bd5 19. a3 Kh7 20. Nbd2 c6 21. Bd3 Qe6 22. Re1 Qf6 23. Ne4 Qg7 24. Ne5 Bxe4 25. Bxe4 c5 26. Nc6 cxd4 27. Nxd8 Rxd8 28. Bd2 f5 29. Bd3 e5 30. f3 Re8 31. Re2 Qf6 32. Rce1 g5 33. g4 e4 34. fxe4 fxe4 35. Bxe4+ Kg7 36. Bd3 Rxe2 37. Rxe2 Qc6 38. Rf2 Qd7 39. h3 Qc7 40. Kg2 Qc6+ 41. Rf3 Qe6 42. Kf2 Qb3 43. Bc1 Qd1 44. Bd2 Qxd2+ 45. Be2 Qxb2 46. Rf5 d3 47. Rd5 Qxe2+ 0-1


[Site "https://www.chess.com"]

[Event "Titled Tuesday Blitz November 15 Late 2022"]
[White "Sattarov, Bobir"]
[Black "Mickiewicz, Piotr"]
[WhiteFideId "14203081"]
[BlackFideId "1114891"]
[WhiteElo "2354"]
[BlackElo "2246"]
[Result "1-0"]
[Round "01"]
[TimeControl "180+1"]
[Date "2022.11.16"]
[WhiteClock "0:00:10"]
[BlackClock "0:00:12"]

1. e4 c6 2. c4 d5 3. exd5 cxd5 4. cxd5 Nf6 5. Qa4+ Nbd7 6. Nc3 g6 7. Bc4 Bg7 8. d3 O-O 9. Nf3 Nb6 10. Qb3 Bd7 11. O-O Rc8 12. Be3 Ne8 13. Ne4 Nd6 14. Nxd6 exd6 15. Rac1 Bg4 16. Nd4 Re8 17. Nb5 Nxc4 18. dxc4 a6 19. Nd4 Qe7 20. h3 Bd7 21. Qxb7 Rb8 22. Qxa6 Rxb2 23. Nb5 Be5 24. Qa7 Bxb5 25. Qxe7 Rxe7 26. cxb5 Rxb5 27. Rfd1 Ra5 28. Rc2 Kg7 29. Kf1 h5 30. Rd3 h4 31. a3 Bf6 32. Bd2 Ra4 33. Bb4 Be5 34. Rc4 g5 35. Re3 Kg6 36. f4 gxf4 37. Rxf4 Rc7 38. Rg4+ Kf5 39. Rf3+ Bf4 40. Rfxf4+ Ke5 41. Bc3+ Kxd5 42. Rxa4 Rxc3 43. Rxh4 Rc2 44. Kg1 f5 45. Kh2 Ke5 46. Ra5+ d5 47. Rh8 f4 48. Re8+ Kd6 49. Rf8 Ke5 50. h4 Ra2 51. Kh3 Ke4 52. Re8+ Kd4 53. Ra4+ Kc5 54. Rxf4 Rxa3+ 55. Rf3 Ra1 56. Re5 Kd6 57. Rg5 1-0


[Site "https://www.chess.com"]

[Event "Titled Tuesday Blitz November 15 Late 2022"]
[White "Saveliev, Alexei"]
[Black "Jobava, Baadur"]
[WhiteFideId "24128546"]
[BlackFideId "13601520"]
[WhiteElo "2290"]
[BlackElo "2582"]
[Result "0-1"]
[Round "01"]
[TimeControl "180+1"]
[Date "2022.11.15"]
[WhiteClock "0:00:03"]
[BlackClock "0:01:18"]

1. c4 e5 2. Nc3 d6 3. Nf3 f5 4. d4 e4 5. Ng5 Nf6 6. h4 c6 7. e3 Be7 8. Be2 O-O 9. Nh3 Be6 10. Nf4 Bf7 11. b3 Nbd7 12. Bb2 Re8 13. h5 Nf8 14. d5 N6d7 15. Qd2 c5 16. O-O-O Bf6 17. g4 fxg4 18. Bxg4 Ne5 19. Be2 Nf3 20. Bxf3 exf3 21. Rdg1 a6 22. h6 g6 23. Nh5 Be5 24. Ne4 Nd7 25. Bxe5 dxe5 26. Ng7 Rf8 27. Ng5 Qf6 28. Nxf7 Rxf7 29. Ne6 b5 30. Rg4 e4 31. Qb2 Ne5 32. Nxc5 Nxg4 33. Nxe4 Qxb2+ 34. Kxb2 bxc4 35. bxc4 Re7 36. Ng5 Nxf2 37. Rf1 Rxe3 38. d6 Nd3+ 39. Kc3 f2 40. d7 Rd8 0-1


[Site "https://www.chess.com"]

[Event "Titled Tuesday Blitz November 15 Late 2022"]
[White "Saydaliev, Saidakbar"]
[Black "Schrik, Rachid"]
[WhiteFideId "14203693"]
[BlackFideId "1009818"]
[WhiteElo "2276"]
[BlackElo "2098"]
[Result "1-0"]
[Round "01"]
[TimeControl "180+1"]
[Date "2022.11.16"]
[WhiteClock "0:01:20"]
[BlackClock "0:00:22"]

1. d4 Nf6 2. c4 e6 3. g3 d5 4. Nf3 dxc4 5. Bg2 c5 6. Qa4+ Nbd7 7. Nc3 a6 8. O-O Rb8 9. dxc5 Bxc5 10. Qxc4 b5 11. Qb3 Bb7 12. Bf4 Rc8 13. Rfd1 Qe7 14. a4 b4 15. a5 O-O 16. Na4 Bd5 17. Qd3 Bc4 18. Qb1 Bxe2 19. Nxc5 Nxc5 20. Bd6 Qa7 21. Bxf8 Bxd1 22. Bxc5 Qxc5 23. Qxd1 Ng4 24. Qd4 1-0


[Site "https://www.chess.com"]

[Event "Titled Tuesday Blitz November 15 Late 2022"]
[White "Shapiro, Daniel"]
[Black "Tomiello, Lucas Costamilan"]
[WhiteFideId "2001780"]
[BlackFideId "22701940"]
[WhiteElo "2318"]
[BlackElo "2085"]
[Result "1/2-1/2"]
[Round "01"]
[TimeControl "180+1"]
[Date "2022.11.16"]
[WhiteClock "0:00:07"]
[BlackClock "0:00:20"]

1. d4 Nf6 2. c4 e6 3. g3 d5 4. Nf3 Bb4+ 5. Bd2 Be7 6. Qc2 O-O 7. Bg2 c6 8. O-O Nbd7 9. Rd1 b6 10. Bf4 Bb7 11. Nc3 dxc4 12. Nd2 Nd5 13. Nxc4 Nxf4 14. gxf4 Qc8 15. Ne4 Qc7 16. Ne5 Nxe5 17. fxe5 c5 18. dxc5 bxc5 19. Qc3 Rad8 20. Rac1 Rxd1+ 21. Rxd1 Rd8 22. Rxd8+ Qxd8 23. Nf6+ gxf6 24. Bxb7 Qd1+ 25. Kg2 Qxe2 26. exf6 Qg4+ 27. Qg3 Qxg3+ 28. hxg3 Bxf6 29. b3 Kf8 30. Ba6 Ke7 31. Bd3 h6 32. Kf3 Bd4 33. Ke2 f5 34. Bc4 Kf6 35. a4 e5 36. Bd5 e4 37. Bb7 Ke5 38. Bc8 f4 39. Bg4 f3+ 40. Kf1 Bc3 41. Bh5 Kd4 42. Bg6 Bd2 43. Bh5 Kc3 44. Bf7 e3 45. fxe3 Bxe3 46. Bc4 Kd4 47. Bf7 Ke4 48. Be6 Bd4 49. Bd7 f2 50. Be6 Kf3 51. g4 Kf4 52. Bf5 h5 53. Bd7 hxg4 54. Kg2 g3 55. Bb5 Be5 56. Bc6 Ke3 57. Bb5 Kd2 58. Ba6 Ke1 59. Bc4 Kd2 60. Bb5 Kc3 61. Bc4 Kb4 62. Bd5 Bd6 63. Bc4 a5 64. Bd5 Kc3 65. Bc4 Bc7 66. Bd5 Kb2 67. Bc4 Ka3 68. Bd5 Kb2 69. Bc4 Kc3 70. Bd5 Kb4 71. Bc4 Kc3 1/2-1/2


[Site "https://www.chess.com"]

[Event "Titled Tuesday Blitz November 15 Late 2022"]
[White "Sjugirov, Sanan"]
[Black "Petrovic, Aleksa"]
[WhiteFideId "4189302"]
[BlackFideId "967629"]
[WhiteElo "2611"]
[BlackElo "2224"]
[Result "1-0"]
[Round "01"]
[TimeControl "180+1"]
[Date "2022.11.16"]
[WhiteClock "0:00:06"]
[BlackClock "0:00:04"]

1. d4 Nf6 2. Nf3 e6 3. Bf4 c5 4. e3 Qb6 5. Nc3 a6 6. Rb1 Nc6 7. Be2 d5 8. O-O cxd4 9. exd4 Be7 10. Na4 Qa7 11. a3 b5 12. Nc3 O-O 13. a4 b4 14. Na2 Ne4 15. Nc1 Bd7 16. Nb3 f5 17. Bd3 g5 18. Be3 f4 19. Bc1 g4 20. Bxe4 dxe4 21. Nfd2 f3 22. Nxe4 Rf5 23. Be3 Qc7 24. Ng3 Rf7 25. c4 bxc3 26. bxc3 Na5 27. Nxa5 Qxa5 28. Qd3 Bc6 29. c4 fxg2 30. Rfc1 Bf3 31. d5 exd5 32. c5 Qd8 33. c6 Bh4 34. Nf5 Qf6 35. Nh6+ Kg7 36. Bd4 Kxh6 37. Bxf6 Rxf6 38. Qd4 Be4 39. Rb2 Raf8 40. c7 Rxf2 41. Rxf2 Bxf2+ 42. Qxf2 1-0


[Site "https://www.chess.com"]

[Event "Titled Tuesday Blitz November 15 Late 2022"]
[White "Sohal, Tanraj"]
[Black "Quirke, Jeffrey"]
[WhiteFideId "2608499"]
[BlackFideId "2013029"]
[WhiteElo "2200"]
[BlackElo "2201"]
[Result "0-1"]
[Round "01"]
[TimeControl "180+1"]
[Date "2022.11.16"]
[WhiteClock "0:01:01"]
[BlackClock "0:00:58"]

1. d4 d5 2. Nf3 Nf6 3. b3 Bf5 4. Bb2 e6 5. Nbd2 Nbd7 6. e3 c6 7. Nh4 Bg6 8. Nxg6 hxg6 9. g3 Bd6 10. Bg2 O-O 11. O-O Qe7 12. f4 Ba3 13. Qc1 Bxb2 14. Qxb2 a5 15. c4 a4 16. c5 b5 17. b4 Ng4 18. Qc3 f5 19. a3 Ngf6 20. Qd3 g5 21. fxg5 Ne4 22. h4 Nxg3 23. Rf4 Nh5 24. Rf2 g6 25. Raf1 Rf7 26. Bf3 Ng7 27. Rh2 Raf8 28. Rff2 e5 29. Qf1 f4 30. e4 dxe4 31. Nxe4 exd4 32. Nd6 Nf5 33. Nxf7 Rxf7 34. Bxc6 Ne3 35. Qd3 Ne5 36. Qe4 Qe6 37. Rxf4 Qg4+ 38. Qg2 Qxf4 0-1


[Site "https://www.chess.com"]

[Event "Titled Tuesday Blitz November 15 Late 2022"]
[White "Sokolovsky, Yahli"]
[Black "Bach, Matthias"]
[WhiteFideId "2820242"]
[BlackFideId "4603168"]
[WhiteElo "2316"]
[BlackElo "2165"]
[Result "1-0"]
[Round "01"]
[TimeControl "180+1"]
[Date "2022.11.16"]
[WhiteClock "0:00:03"]
[BlackClock "0:00:02"]

1. b3 Nf6 2. Bb2 g6 3. Nf3 Bg7 4. g3 d6 5. Bg2 Bd7 6. d4 Qc8 7. O-O Bh3 8. c4 Bxg2 9. Kxg2 h5 10. h4 Ng4 11. Qd2 Nd7 12. Nc3 Ndf6 13. e4 O-O 14. e5 Nd7 15. Nd5 Re8 16. Rfe1 e6 17. Nf4 dxe5 18. dxe5 c5 19. Rad1 Rd8 20. Nd3 Qc6 21. Qf4 a5 22. a4 Qb6 23. Nc1 Nb8 24. Rxd8+ Qxd8 25. Ng5 Qc7 26. Nd3 Nc6 27. f3 Nh6 28. Nxc5 Rd8 29. Nce4 Nxe5 30. Nf6+ Bxf6 31. Qxf6 Rd2+ 32. Kh1 Rxb2 33. Rxe5 Qc6 34. Rxe6 Rb1+ 35. Kh2 Rb2+ 36. Kh3 Qd7 37. Qe7 Qxe7 38. Rxe7 Rxb3 39. Ne4 Rb4 40. c5 Rxa4 41. Rxb7 Rc4 42. Rc7 a4 43. c6 Kg7 44. Ra7 Rxc6 45. Rxa4 Nf5 46. Ng5 Nd6 47. Ra7 Rb6 48. Rd7 Kf6 49. Rc7 Kg7 50. Ra7 Rb7 51. Ra6 Nf5 52. Ra5 Nd4 53. Rd5 Ne2 54. Rd2 Nc3 55. Rd3 Nb5 56. g4 hxg4+ 57. fxg4 Na7 58. Rd6 Nb5 59. Rd3 Na7 60. Ne4 Nc6 61. Rd5 Ne7 62. Re5 Ng8 63. g5 Ne7 64. Kg4 Nf5 65. Re8 Rb4 66. Kh3 Rb3+ 67. Kh2 Rb2+ 68. Kh1 Rb1+ 69. Kg2 Rb2+ 70. Kf1 Rb1+ 71. Kf2 Rb2+ 72. Ke1 Nxh4 73. Nf6 Nf3+ 74. Kd1 Nxg5 75. Nd7 Rb7 76. Nc5 Rc7 77. Nd3 Rd7 78. Ke2 Ne6 79. Ne5 Rd8 80. Re7 Rf8 81. Nd7 Rd8 82. Ke3 Nf8 83. Ne5 1-0


[Site "https://www.chess.com"]

[Event "Titled Tuesday Blitz November 15 Late 2022"]
[White "Storey, Charles H"]
[Black "Babazada, Khazar"]
[WhiteFideId "406686"]
[BlackFideId "13413554"]
[WhiteElo "2252"]
[BlackElo "2359"]
[Result "0-1"]
[Round "01"]
[TimeControl "180+1"]
[Date "2022.11.16"]
[WhiteClock "0:00:02"]
[BlackClock "0:00:05"]

1. c4 e6 2. g3 d5 3. Bg2 Nf6 4. Nf3 Be7 5. d4 O-O 6. Qc2 dxc4 7. Qxc4 a6 8. a4 Bd7 9. Qc2 Bc6 10. O-O Nbd7 11. Nc3 Nd5 12. Nxd5 Bxd5 13. e4 Bc6 14. Rd1 Nf6 15. Ne5 Be8 16. Bf4 Nh5 17. Be3 Nf6 18. Rac1 c6 19. Qb3 Qb8 20. Nc4 b5 21. Na5 bxa4 22. Qa2 Qb5 23. Nc4 Rb8 24. Rd2 Qb3 25. Qa1 Qb5 26. Rdc2 Bd7 27. Ne5 Rfc8 28. Bf1 Qb7 29. f3 Be8 30. Nd3 Qb3 31. Nc5 Qb4 32. Nxa6 Qb3 33. Rc3 Qxb2 34. Nxb8 Qxa1 35. Rxa1 Rxb8 36. Bf4 Rb4 37. Rc2 Rxd4 38. Be5 Rd8 39. Rxa4 c5 40. Ra7 Bf8 41. Bc7 Rd1 42. Kf2 c4 43. Ke2 Rb1 44. Rxc4 Bb5 45. Kf2 Rxf1+ 46. Kxf1 Bxc4+ 47. Kg2 e5 48. Ra8 Nd7 49. Bd6 Be6 0-1


[Site "https://www.chess.com"]

[Event "Titled Tuesday Blitz November 15 Late 2022"]
[White "Suder, Jakub"]
[Black "Pino Perez, Lazaro"]
[WhiteFideId "1195310"]
[BlackFideId "3517055"]
[WhiteElo "2243"]
[BlackElo "2170"]
[Result "0-1"]
[Round "01"]
[TimeControl "180+1"]
[Date "2022.11.16"]
[WhiteClock "0:00:21"]
[BlackClock "0:00:04"]

1. d4 d5 2. c4 e6 3. Nc3 Be7 4. cxd5 exd5 5. Bf4 c6 6. e3 Bf5 7. g4 Be6 8. h4 Bxh4 9. Qb3 Bc8 10. Nf3 Be7 11. g5 Qb6 12. Qc2 Bf8 13. Bd3 Ne7 14. Ne5 Nd7 15. O-O-O Nxe5 16. Bxe5 Be6 17. f4 O-O-O 18. Kb1 Ng6 19. f5 Nxe5 20. dxe5 Bd7 21. e4 dxe4 22. Nxe4 Kb8 23. Rhf1 Bc8 24. Bc4 h6 25. Bxf7 Rxd1+ 26. Qxd1 Qb5 27. g6 Qxe5 28. Qd3 Bxf5 29. Qd8+ Bc8 30. Nc3 Bb4 31. Qxh8 Bxc3 32. bxc3 Qb5+ 33. Kc2 Qxf1 34. Qxg7 Qf5+ 35. Kd2 Qf4+ 36. Kc2 Bf5+ 37. Kb2 Qf2+ 38. Ka3 Qc5+ 39. Kb3 Qb5+ 40. Ka3 Qc5+ 41. Kb2 Qf2+ 42. Kb3 Qb6+ 43. Kc4 Qa6+ 44. Kd4 Qd3+ 45. Ke5 Qxc3+ 46. Kd6 Qxg7 0-1


[Site "https://www.chess.com"]

[Event "Titled Tuesday Blitz November 15 Late 2022"]
[White "Suleymanli, Aydin"]
[Black "Forgacs, Attila Jr."]
[WhiteFideId "13413937"]
[BlackFideId "773654"]
[WhiteElo "2481"]
[BlackElo "2168"]
[Result "1-0"]
[Round "01"]
[TimeControl "180+1"]
[Date "2022.11.16"]
[WhiteClock "0:00:08"]
[BlackClock "0:00:01"]

1. e4 e5 2. Nc3 Nf6 3. Nf3 Nc6 4. a3 d5 5. Bb5 d4 6. Ne2 Bd6 7. d3 O-O 8. O-O a6 9. Bc4 b5 10. Ba2 Na5 11. b4 Nb7 12. Nexd4 exd4 13. e5 Bxe5 14. Nxe5 a5 15. Qf3 axb4 16. axb4 Ra4 17. Bf4 Nd6 18. Nc6 Qd7 19. Ne5 Qf5 20. Nc6 Qd7 21. Bb3 Rxa1 22. Rxa1 Bb7 23. Ne5 Qf5 24. Nxf7 Bxf3 25. Nxd6+ Qd5 26. Bxd5+ Bxd5 27. Nxb5 c6 28. Nxd4 Nh5 29. Bd6 Rf6 30. Ra8+ Kf7 31. Ra7+ Kg6 32. Be5 Rf8 33. g4 Nf4 34. Rxg7+ Kh6 35. Nf5+ Rxf5 36. gxf5 Nh3+ 37. Kf1 Ng5 38. Re7 Nf3 39. Bf4+ Kh5 40. h3 Nh4 41. Rxh7# 1-0


[Site "https://www.chess.com"]

[Event "Titled Tuesday Blitz November 15 Late 2022"]
[White "Svane, Rasmus"]
[Black "vjecspec"]
[WhiteFideId "4657101"]
[WhiteElo "2674"]
[BlackElo "2522"]
[Result "1-0"]
[Round "01"]
[TimeControl "180+1"]
[Date "2022.11.15"]
[WhiteClock "0:00:06"]
[BlackClock "0:00:13"]

1. Nf3 g6 2. e4 Bg7 3. d4 d6 4. Bd3 Nf6 5. O-O O-O 6. h3 Nc6 7. d5 Nb8 8. c4 c6 9. Nc3 e6 10. dxe6 Bxe6 11. Bf4 Qe7 12. Qd2 Na6 13. Rad1 Rfd8 14. Rfe1 Nc5 15. Bf1 Bf8 16. Qe3 Nh5 17. Bh2 a5 18. Rd2 Rd7 19. Red1 Rad8 20. b3 h6 21. Nd4 Kh7 22. Be2 Ng7 23. f4 f5 24. Bf3 Bf7 25. Re2 Re8 26. Rde1 fxe4 27. Nxe4 Nxe4 28. Bxe4 Qf6 29. Qf2 Rde7 30. Bf3 Rxe2 31. Rxe2 Rxe2 32. Nxe2 Qa1+ 33. Qf1 Qxa2 34. Qd1 a4 35. bxa4 Qxc4 36. Bg3 d5 37. Qb1 Bc5+ 38. Kh2 Qb4 39. Qc2 Nf5 40. Be1 Qxe1 41. Qxc5 Nh4 42. Qe7 Nxf3+ 43. gxf3 Kg7 44. Qe5+ Kg8 45. Kg2 Qd2 46. Kf2 c5 47. Qb8+ Kg7 48. Qe5+ Kh7 49. Qe7 Kg8 50. Qxc5 Qd3 51. a5 Qa6 52. Nd4 Qf6 53. Kg3 h5 54. h4 Kg7 55. Nc2 Qe6 56. Qd4+ Kh7 57. Ne3 Qa6 58. Qc5 Qe2 59. Ng2 Qe6 60. Qc7 Kg7 61. Qxb7 d4 62. a6 Qd5 63. Qb8 d3 64. a7 d2 65. a8=Q Qxa8 66. Qxa8 d1=Q 67. Qe4 Qd5 68. Qe5+ Qxe5 69. fxe5 Be6 70. Kf4 Kf7 71. Kg5 Bf5 72. Nf4 Bb1 73. Nd5 Ke6 74. Nf4+ Kxe5 75. Nxg6+ Kd4 76. f4 Kd5 77. f5 Kd6 78. Nf4 Ke7 79. Nxh5 Kf7 80. Nf4 Bc2 81. h5 Bd1 82. h6 Bc2 83. f6 Bh7 84. Ng2 Bb1 85. Ne3 Bd3 86. Ng4 Bb1 87. Ne5+ Kf8 88. Ng6+ Kf7 89. h7 1-0


[Site "https://www.chess.com"]

[Event "Titled Tuesday Blitz November 15 Late 2022"]
[White "Talibov, Shiroghlan"]
[Black "Jimenez Almeida, Luis David"]
[WhiteFideId "13429078"]
[BlackFideId "22242244"]
[WhiteElo "2261"]
[BlackElo "2158"]
[Result "1-0"]
[Round "01"]
[TimeControl "180+1"]
[Date "2022.11.16"]
[WhiteClock "0:00:59"]
[BlackClock "0:00:24"]

1. c4 Nf6 2. Nc3 d5 3. d4 g6 4. g3 Bg7 5. Bg2 c6 6. Nf3 O-O 7. cxd5 cxd5 8. Ne5 e6 9. O-O Nfd7 10. Nf3 Nc6 11. e4 dxe4 12. Nxe4 Nb6 13. Bg5 f6 14. Bf4 g5 15. Be3 Nd5 16. Qb3 b6 17. Rac1 Bb7 18. Rfe1 Qd7 19. Qa4 Kh8 20. h4 g4 21. Nfd2 Nxe3 22. fxe3 Rad8 23. Nxf6 Bxf6 24. Bxc6 Bxc6 25. Qxc6 Qe7 26. Rf1 Bg7 27. Qe4 e5 28. d5 Qd7 29. Rxf8+ Rxf8 30. Rf1 Rxf1+ 31. Kxf1 h5 32. Ke2 Qb5+ 33. Nc4 Qa4 34. a3 b5 35. Nd2 Qa6 36. Qd3 Qb6 37. Ne4 a6 38. Ng5 b4 39. Qh7# 1-0


[Site "https://www.chess.com"]

[Event "Titled Tuesday Blitz November 15 Late 2022"]
[White "Tan, Ralph"]
[Black "Willow, Jonah B"]
[WhiteFideId "30966590"]
[BlackFideId "438804"]
[WhiteElo "2059"]
[BlackElo "2300"]
[Result "0-1"]
[Round "01"]
[TimeControl "180+1"]
[Date "2022.11.16"]
[WhiteClock "0:00:05"]
[BlackClock "0:00:31"]

1. Nf3 c5 2. g3 Nc6 3. c4 g6 4. Bg2 Bg7 5. O-O e6 6. Nc3 Nge7 7. d3 O-O 8. Rb1 b6 9. a3 Bb7 10. e3 d5 11. cxd5 exd5 12. d4 c4 13. Re1 Bc8 14. Bd2 Bf5 15. Rc1 Na5 16. Nh4 Bd3 17. Ne2 Nec6 18. Nf4 Be4 19. f3 Bf5 20. Nxf5 gxf5 21. Bxa5 Nxa5 22. Nh5 Nb3 23. Rc3 Qg5 24. Nxg7 Kxg7 25. f4 Qd8 26. Qh5 Re8 27. Qxf5 Nxd4 28. Qxd5 Qxd5 29. Bxd5 Rad8 30. Bg2 b5 31. Kf2 Nb3 32. e4 Rd2+ 33. Re2 Red8 34. Re3 a5 35. e5 b4 36. axb4 axb4 37. e6 fxe6 38. Rxe6 c3 39. bxc3 bxc3 40. Re7+ Kf8 41. Rc7 Nd4 42. Bf1 Nxe2 43. Bxe2 Re8 44. Rxc3 Rdxe2+ 45. Kf3 Rxh2 46. Kg4 Rhe2 47. Rc7 R2e7 48. Rc6 Re6 49. Rc7 R8e7 50. Rc8+ Kg7 51. Rc5 Rg6+ 52. Kf3 Rf7 53. g4 h6 54. f5 Rd6 55. Kf4 Rfd7 56. Ke5 Rd1 57. Rc6 Re1+ 58. Kf4 Rd4+ 59. Kf3 Rf1+ 60. Kg2 Rff4 61. Rg6+ Kh7 62. Kg3 Rf1 63. Re6 Rg1+ 64. Kh3 Rdxg4 65. f6 Kg6 66. Re2 Kxf6 67. Rf2+ Kg7 68. Rg2 R4xg2 0-1


[Site "https://www.chess.com"]

[Event "Titled Tuesday Blitz November 15 Late 2022"]
[White "Tan, Zhongyi"]
[Black "Kaufman, Raymond"]
[WhiteFideId "8603642"]
[BlackFideId "2015056"]
[WhiteElo "2510"]
[BlackElo "2321"]
[Result "1-0"]
[Round "01"]
[TimeControl "180+1"]
[Date "2022.11.16"]
[WhiteClock "0:00:15"]
[BlackClock "0:00:40"]

1. d4 Nf6 2. c4 g6 3. Nc3 d5 4. cxd5 Nxd5 5. g3 Bg7 6. Bg2 Nb6 7. Nf3 O-O 8. O-O Nc6 9. d5 Nb4 10. e4 c6 11. a3 Na6 12. Bg5 cxd5 13. exd5 Nc7 14. d6 Qxd6 15. Qxd6 exd6 16. Be7 Re8 17. Bxd6 Ne6 18. Be5 f6 19. Bd4 Bd7 20. Bxb6 axb6 21. Nd5 Bc6 22. Nxb6 Rad8 23. Rad1 f5 24. Nc4 b5 25. Nce5 Be4 26. Rxd8 Rxd8 27. Rc1 g5 28. Nc6 Bxc6 29. Rxc6 Rd1+ 30. Bf1 Kf7 31. Kg2 Bxb2 32. Bxb5 Bxa3 33. Bc4 Rd6 34. Rxd6 Bxd6 35. Nxg5+ Kf6 36. Nxe6 h5 37. Nf4 Kg5 38. h4+ Kh6 39. Be2 1-0


[Site "https://www.chess.com"]

[Event "Titled Tuesday Blitz November 15 Late 2022"]
[White "Tanenbaum, Zachary"]
[Black "Buchenau, Frank"]
[WhiteFideId "2060850"]
[BlackFideId "4604350"]
[WhiteElo "2175"]
[BlackElo "2157"]
[Result "1-0"]
[Round "01"]
[TimeControl "180+1"]
[Date "2022.11.16"]
[WhiteClock "0:00:32"]
[BlackClock "0:00:32"]

1. e4 e6 2. d4 d5 3. Nc3 Nf6 4. Bg5 dxe4 5. Nxe4 Be7 6. Bxf6 gxf6 7. Nf3 f5 8. Nc3 a6 9. Qe2 Qd6 10. O-O-O Nd7 11. g3 b5 12. Bg2 b4 13. Na4 Bb7 14. Rhe1 Be4 15. Kb1 Qc6 16. b3 Nf6 17. Ne5 Qb7 18. Bxe4 Nxe4 19. Qh5 O-O 20. d5 exd5 21. Qxf5 Bd6 22. Nd7 Rfe8 23. f3 Nc3+ 24. Nxc3 Rxe1 25. Nf6+ Kg7 26. Qg5+ Kf8 27. Rxe1 bxc3 28. Nxh7# 1-0


[Site "https://www.chess.com"]